 Dungeon Crawl Stone Soup version 0.32-a0-841-g4648e6c457 (webtiles) character file.

Game seed: 13442604721752270325

52 ezpacito the Trooper (level 3, 0/29 HPs)
             Began as a Coglin Chaos Knight on Mar 26, 2024.
             Was a Plaything of Xom.
             Slain by a gnoll
             ... wielding a +0 whip
              (3 damage)
             ... on level 2 of the Dungeon.
             The game lasted 00:01:34 (1048 turns).

ezpacito the Trooper (Coglin Chaos Knight)          Turns: 1048, Time: 00:01:35

Health: 0/29       AC: 10    Str: 14    XL:     3   Next: 85%
Magic:  3/3        EV:  6    Int: 11    God:    Xom [..*...]
Gold:   92         SH:  0    Dex: 13    Spells: 2/2 levels left

rFire   . . .        a - +0 hand axe (chaos) {Paser}
rCold   . . .        m - +3 short sword (chaos) {Qiuyue}
rNeg    . . .        j - +0 chain mail
rPois   .            (no helmet)
rElec   .            h - +1 cloak
rCorr   .            (no gloves)
SInv    .            (no boots)
Will    .....        (amulet unavailable) Stlth
                     (ring unavailable)
HPRegen 0.24/turn    (ring unavailable)
MPRegen 0.08/turn    (no gizmo)

%: no passive effects
@: revved
A: off-hand wielding, slow wielding, warmup strikes, no jewellery
a: Invent Gizmo, Renounce Religion


You were on level 2 of the Dungeon.
You worshipped Xom.
You were a toy of Xom.
You visited 1 branch of the dungeon, and saw 2 of its levels.

You collected 92 gold pieces.

Inventory:

Hand Weapons
 a - a +0 hand axe of chaos (weapon) {Paser}
 m - a +3 short sword of chaos (offhand) {Qiuyue}
Armour
 h - a +1 cloak (worn)
 j - a +0 chain mail (worn)
Talismans
 k - a flux talisman
Scrolls
 c - a scroll of butterflies
 e - a scroll of identify {unknown}
 g - a scroll of teleportation {unknown}
 l - a scroll of brand weapon {unknown}
Potions
 d - a potion of ambrosia {unknown}
 f - 2 potions of curing {unknown}
 i - 2 potions of degeneration {unknown}


   Skills:
 * Level 3.3 Fighting
 * Level 3.2(3.3) Axes
 + Level 0.8(2.0) Polearms
 * Level 2.2 Armour
 * Level 1.5 Dodging
 + Level 0.4 Stealth
 + Level 0.3 Spellcasting


You had 2 spell levels left.
You didn't know any spells.
Your spell library was empty.

Dungeon Overview and Level Annotations

Branches:
Dungeon (2/15)

Altars:

Shops:
D:1 (


Innate Abilities, Weirdness & Mutations

You can wield a second weapon in your off-hand.
It takes a long time for you to wield or remove held weapons.
Your first few attacks do less damage.
You cannot equip rings or amulets.


Message History

You kill the frilled lizard!
The gnoll hits you with a +0 flail.
Things that are here:
a +0 dagger; a frilled lizard corpse; a goblin corpse You take 6 damage, and have 23/29 hp.
MASSIVE DAMAGE!!
You barely miss the gnoll with your +0 hand axe of chaos.
You hit the gnoll with your +3 short sword of chaos.
The gnoll hits you with a +0 flail!
You take 7 damage, and have 16/29 hp.
MASSIVE DAMAGE!!
You are too injured to fight recklessly!
You are too injured to fight recklessly!
You are too injured to fight recklessly!
You are too injured to fight recklessly!
There are monsters nearby!
There are monsters nearby!
You are too injured to fight recklessly!
You hit the gnoll with your +3 short sword of chaos.
You freeze the gnoll.
The gnoll is moderately wounded.
You hit the gnoll with your +0 hand axe of chaos.
The gnoll looks weaker.
The gnoll hits you with a +0 flail.
You take 2 damage, and have 14/29 hp.
You hit the gnoll but do no damage. You drain the gnoll.
The gnoll is severely wounded.
You hit the gnoll with your +0 hand axe of chaos.
You kill the gnoll!
You hit the gnoll with your +3 short sword of chaos.
The gnoll suddenly seems more resistant.
The gnoll is moderately wounded.
You hit the gnoll with your +0 hand axe of chaos.
The gnoll seems to speed up.
The gnoll hits you with a +0 whip. The gnoll hits you with a +0 whip!
* * * LOW HITPOINT WARNING * * *
You take 11 damage, and have 3/29 hp.
MASSIVE DAMAGE!!
You hit the gnoll with your +0 hand axe of chaos.
The gnoll is almost dead.
You barely miss the gnoll with your +3 short sword of chaos.
The gnoll hits you but does no damage. The gnoll hits you with a +0 whip.
You die... "Huh?
Did I miss anything?"

# #.##########.#
#....).......#
#......<.###.##.#
+.....$..@g......
##.#########.##.#


You could see a gnoll (fast, resistant).

Vanquished Creatures
  A gnoll (D:2)
  A dart slug (D:1)
  4 ball pythons (D:1)
  4 bats (D:1)
  3 endoplasms (D:1)
  A giant cockroach (D:1)
  4 goblins
  5 hobgoblins (D:1)
  5 kobolds (D:1)
  3 quokkas (D:1)
  3 frilled lizards
  2 rats (D:1)
36 creatures vanquished.

Notes
Turn   | Place    | Note
-------+----------+-------------------------------------------
     0 | D:1      | ezpacito the Coglin Chaos Knight began the quest for the
                  | Orb.
     0 | D:1      | Reached XP level 1. HP: 18/18 MP: 1/1
    50 | D:1      | XOM: silly message
    51 | D:1      | Reached skill level 1 in Dodging
    98 | D:1      | Reached XP level 2. HP: 20/24 MP: 2/2
   252 | D:1      | Found Taos Neu's Weapon Boutique.
   301 | D:1      | Reached XP level 3. HP: 29/29 MP: 3/3
   427 | D:1      | Found a faded altar of an unknown god.
   571 | D:1      | XOM: chaos upgrade
  1048 | D:2      | Slain by a gnoll

Illustrated notes

Levels and vault maps discovered:
D:1:      wander_arrival_fairy_ring, layout_loops_ring, serial_shops, shop,
          hellmonk_ecumenical_altar_zigzags, dk_noncrumbling_2, minmay_quantized
D:2:      layout_basic, uniq_natasha, uniq_robin

Skill      XL: |  1  2 |
---------------+-------+-----
Dodging        | 1 |  1.5
Armour         | 2 |  2.2
Fighting       | |  3.3
Axes           | |  3.2
Polearms       | |  0.8
Stealth        | |  0.4
Spellcasting   | |  0.3

Action                     || total
---------------------------++-------
  Melee: Hand axe          ||    57
         Dagger            ||    49
         Short sword       ||    10
   Stab: Held in net/web   ||     1
         Sleeping          ||     1
 Armour: Leather armour    ||    31
         Chain mail        ||    10
  Dodge: Dodged            ||    21

Table legend: (Time is in decaauts)
 A = Elapsed time spent in this place.
 B = Non-inter-level travel time spent in this place.
 C = Inter-level travel time spent in this place.
 D = Time resting spent in this place.
 E = Time spent auto-exploring this place.
 F = Levels seen in this place.
 G = Mean time per level.
                   A        B        C        D        E       F      G
               +--------+--------+--------+--------+--------+-----+--------+
         Total |   1053 |    848 |    205 |      0 |    626 |   2 |  526.5 |
       Dungeon |   1053 |    848 |    205 |      0 |    626 |   2 |  526.5 |
               +--------+--------+--------+--------+--------+-----+--------+

Top non-repeatable levels by time:
     D:1: 1036 daAuts
     D:2: 16 daAuts
